 Dungeon Crawl Stone Soup version 0.30-a0-121-gb27577e5d9 (webtiles) character file.

Game seed: 14633847767274870781

137 ragingrage the Poker (level 5, -9/41 HPs)
             Began as a Demonspawn Chaos Knight on Sept 14, 2022.
             Was a Plaything of Xom.
             Killed from afar by Blork the orc (11 damage)
             ... with a puff of flame
             ... on level 4 of the Dungeon.
             The game lasted 00:01:47 (2425 turns).

ragingrage the Poker (Demonspawn Chaos Knight)      Turns: 2425, Time: 00:01:48

Health: -9/41      AC:  7    Str: 14      XL:     5   Next: 0%
Magic:  14/14      EV: 11    Int: 13 (14) God:    Xom [*.....]
Gold:   108        SH:  6    Dex: 11 (12) Spells: 4/4 levels left

rFire   . . .      SeeInvis .    a - +0 spear (chaos)
rCold   . . .      Faith    .    (no shield)
rNeg    . . .      Spirit   .    b - +2 leather armour
rPois   +          Reflect  .    (no helmet)
rElec   .          Harm     .    j - +0 cloak
rCorr   .          Rampage  .    k - +0 pair of gloves
Will    .....                    (no boots)
Stlth   +.........               (no amulet)
HPRegen 0.13/turn                p - ring of magical power
MPRegen 0.14/turn                v - ring of poison resistance

@: no status effects
A: large bone plates 2, demonic touch 1, deterioration 2
a: Renounce Religion


You were on level 4 of the Dungeon.
You worshipped Xom.
You were a special plaything of Xom.
You visited 1 branch of the dungeon, and saw 4 of its levels.

You collected 108 gold pieces.

Inventory:

Hand Weapons
 a - a +0 spear of chaos (weapon)
Armour
 b - a +2 leather armour (worn)
 j - a +0 cloak (worn)
 k - a +0 pair of gloves (worn)
Jewellery
 p - a ring of magical power (left hand)
 v - a ring of poison resistance (right hand)
Wands
 s - a wand of roots (11)
Scrolls
 d - 2 scrolls of teleportation {unknown}
 f - a scroll of vulnerability {unknown}
 i - 5 scrolls of identify {unknown}
 n - a scroll of poison {unknown}
 o - a scroll of immolation {unknown}
 r - a scroll of amnesia {unknown}
 u - a scroll of noise {unknown}
 w - a scroll of enchant weapon {unknown}
 y - a scroll of fog {unknown}
Potions
 e - 6 potions of curing {unknown}
 g - a potion of might {unknown}
 h - a potion of degeneration {unknown}
 l - a potion of berserk rage {unknown}
 m - a potion of mutation {unknown}
 q - 2 potions of cancellation {unknown}
 t - a potion of magic {unknown}
 x - a potion of haste {unknown}
Miscellaneous
 c - a piece from Xom's chessboard (15/15) (quivered)


   Skills:
 - Level 3.0 Fighting
 + Level 5.2 Polearms
 - Level 1.7 Armour
 - Level 0.8 Dodging


You had 4 spell levels left.
You didn't know any spells.
Your spell library contained the following spells:

 Spells                   Type           Power      Damage    Failure   Level
 Shock                    Conj/Air       0%         1d3       36%         1
 Slow                     Hex            0%         N/A       36%         1
 Confusing Touch          Hex            0%         N/A       75%         3
 Swiftness                Air            0%         N/A       75%         3
 Vampiric Draining        Necr           0%         2d6       75%         3
 Airstrike                Air            0%         2d(0-16)  98%         4


Dungeon Overview and Level Annotations

Branches:
Dungeon (4/15)
 Temple: D:4-7

Altars:
Xom

Annotations:
D:4 Blork the orc


Innate Abilities, Weirdness & Mutations

You are mostly covered in large bone plates. (SH +6)
Your touch may inflict minor irresistible damage on your foes.
Your body often deteriorates upon taking damage.


Message History

Found a dagger.
You pick up a book of Debilitation and begin reading...
You add the spells Slow, Vampiric Draining and Confusing Touch to your library.
Blork the orc comes into view.
He is wielding a +0 halberd.
Blork the orc shouts!
You reach to attack!
You hit Blork the orc.
Blork the orc flickers and vanishes!
Deactivating autopickup; reactivate with Ctrl-A.
Xom is highly amused!
No target in view!
No target in view!
No target in view!
No target in view!
No target in view!
No target in view!
No target in view!
No target in view!
No target in view!
No target in view!
No target in view!
No target in view!
No target in view!
No target in view!
No target in view!
No target in view!
Something hits you!
Your body deteriorates!
You feel clumsy.
You hit something but do no damage. Something hits you!
You closely miss something. Something hits you but does no damage.
You hit something.
Nothing appears to happen.
Something hits you!
* * * LOW HITPOINT WARNING * * *
You miss something. Something hits you.
* * * LOW HITPOINT WARNING * * *
Your body deteriorates!
You feel dopey.
You miss something. You miss something.
You hear some strange, mumbled words.
A puff of flame appears from out of thin air!
The puff of flame hits you!
You die...

... ###...
..#...
#.##.#
#.##.#
#.##.#
#.##.######
#...@{....#
#.##.####.#
#....###
#....#..
###.##.####
#.##....#
#.##...)#
#.##....#
#.....###.#


There were no monsters in sight!

Vanquished Creatures
  An iguana (D:2)
  5 adders
  A worm (D:2)
  3 dart slugs (D:1)
  3 bats
  8 endoplasms
  2 giant cockroaches
  A goblin (D:1)
  6 hobgoblins
  11 jackals
  A kobold (D:1)
  2 quokkas
  4 ball pythons
  2 frilled lizards (D:2)
  4 rats
54 creatures vanquished.

Notes
Turn   | Place    | Note
-------+----------+-------------------------------------------
     0 | D:1      | ragingrage the Demonspawn Chaos Knight began the quest for
                  | the Orb.
     0 | D:1      | Reached XP level 1. HP: 18/18 MP: 1/1
    64 | D:1      | XOM: divination: magic mapping
    83 | D:1      | Reached skill level 3 in Polearms
    93 | D:1      | XOM: scenery: create altars
    94 | D:1      | Gained mutation: You are partially covered in large bone
                  | plates. (SH +4) [demonic ancestry]
    94 | D:1      | Reached XP level 2. HP: 24/24 MP: 2/2
   105 | D:1      | XOM: 2-stop teleportation journey
   374 | D:1      | Reached XP level 3. HP: 29/29 MP: 3/3
   410 | D:1      | Reached skill level 4 in Polearms
   476 | D:1      | XOM: silly message
   498 | D:1      | XOM: give mutations
   498 | D:1      | Gained mutation: Your body sometimes deteriorates upon
                  | taking damage. [Xom's mischief]
   498 | D:1      | Gained mutation: Your body often deteriorates upon taking
                  | damage. [Xom's mischief]
   661 | D:2      | XOM: polymorph bat -> adder
   705 | D:2      | XOM: summons 2 hostile shadow creatures
  1028 | D:2      | Gained mutation: Your touch may inflict minor irresistible
                  | damage on your foes. [demonic ancestry]
  1028 | D:2      | Reached XP level 4. HP: 35/35 MP: 3/4
  1297 | D:2      | Reached skill level 5 in Polearms
  1863 | D:3      | Found a faded altar of an unknown god.
  2315 | D:3      | Gained mutation: You are mostly covered in large bone
                  | plates. (SH +6) [demonic ancestry]
  2315 | D:3      | Reached XP level 5. HP: 41/41 MP: 5/5
  2415 | D:4      | Noticed Blork the orc
  2423 | D:4      | HP: 2/41 [something (6)]
  2425 | D:4      | Killed from afar by Blork the orc

Illustrated notes

Levels and vault maps discovered:
D:1:      dpeg_arrival_shelter, layout_rooms
D:2:      layout_loops_cross
D:3:      layout_loops_ring, dreamdust_ecumenical_altar_hidden_monk_grotto,
          corexii_item_surrounded_by_moat
D:4:      minmay_chambers_of_fours, layout_basic, xom_confusion_cloud,
          nzn_wu_jian_council_hall, chequers_jeans, uniq_robin, uniq_duvessa,
          uniq_blork_the_orc, uniq_sigmund

Skill      XL: |  1  2  3  4 |
---------------+-------------+-----
Polearms       | 3 4 5 |  5.2
Fighting       | |  3.0
Armour         | |  1.7
Dodging        | |  0.8

Action                   |  1- 3 |  4- 6 || total
-------------------------+-------+-------++-------
Melee: Spear             |   131 |    57 ||   188
       Touch             |       |     6 ||     6
       Punch             |       |     1 ||     1
 Stab: Paralysed         |     3 |     1 ||     4
       Sleeping          |     1 |     1 ||     2
Armor: Leather armour    |    19 |    12 ||    31
Dodge: Dodged            |    48 |     9 ||    57
Block: Other             |    15 |     4 ||    19

Table legend: (Time is in decaauts)
 A = Elapsed time spent in this place.
 B = Non-inter-level travel time spent in this place.
 C = Inter-level travel time spent in this place.
 D = Time resting spent in this place.
 E = Time spent auto-exploring this place.
 F = Levels seen in this place.
 G = Mean time per level.
                   A        B        C        D        E       F      G
               +--------+--------+--------+--------+--------+-----+--------+
         Total |   2404 |   2255 |    149 |    119 |   1763 |   4 |  601.0 |
       Dungeon |   2404 |   2255 |    149 |    119 |   1763 |   4 |  601.0 |
               +--------+--------+--------+--------+--------+-----+--------+

Top non-repeatable levels by time:
     D:2: 936 daAuts
     D:3: 806 daAuts
     D:1: 626 daAuts
     D:4: 34 daAuts
